[Event "42nd Olympiad Baku 2016 Women"]
[Site "Baku"]
[Date "2016.09.08"]
[Round "6.22"]
[White "Rogule, Laura"]
[Black "Padmini, Rout"]
[Result "1/2-1/2"]
[ECO "A20"]
[WhiteElo "2306"]
[BlackElo "2408"]
[Annotator ""]
[PlyCount "279"]
[EventDate "2016.??.??"]
[EventType "team-tourn"]
[EventCountry "AZE"]
[SourceTitle "playchess.com"]
[Source "ChessBase"]
[WhiteTeam "Latvia"]
[BlackTeam "India"]
[WhiteTeamCountry "LAT"]
[BlackTeamCountry "IND"]
[TimeControl "40/5400+30:1800+30"]

1. c4 {(00:00} e5 {(00:00} 2. g3 {(00:00} Nf6 {(
00:42} 3. Bg2 {(00:07} d5 {(00:40} 4. cxd5 {(00:15}
Nxd5 {(00:03} 5. Nf3 {(01:34} Nc6 {(00:39} 6. O-O {
(06:23} Nb6 {(01:29} 7. d3 {(07:08} Be7 {(02:34]
} 8. a3 {(02:32} O-O {(05:30} 9. Nc3 {(03:27} Be6 {
(01:53} 10. b4 {(01:25} f6 {(01:56} 11. Bb2 {(
10:25} a5 {(32:34} 12. b5 {(01:44} Nd4 {(00:49} 13.
Nd2 {(16:30} Rb8 {(05:49} 14. e3 {(01:36} Nf5 {(
00:29} 15. Qc2 {(02:05} Qd7 {(02:01} 16. Rfd1 {(05:11}
Nh6 {(07:39} 17. Nb3 {(14:31} a4 {(04:39} 18. Na5 {
(00:33} Ra8 {(04:52} 19. Nc4 {(02:37} Nd5 {(01:
32} 20. Rab1 {(05:01} Nxc3 {(05:52} 21. Bxc3 {(02:19}
Bd5 {(00:13} 22. Bb4 {(03:20} Bxg2 {(02:47} 23. Kxg2 {
(00:02} Bxb4 {(00:41} 24. Rxb4 {(00:03} Nf7 {(
00:27} 25. h4 {(04:58} Rfd8 {(02:28} 26. d4 {(03:29}
g5 {(09:11} 27. Nb2 {(02:22} Qd5+ {(01:50} 28. e4 {
(00:22} Qe6 {(01:04} 29. d5 {(01:31} Qd7 {(00:
16} 30. h5 {(01:08} Nd6 {(01:43} 31. Qe2 {(02:02} b6 {
(01:56} 32. Rc1 {(00:17} Ra7 {(00:37} 33. Rc6 {(
00:18} f5 {(00:27} 34. exf5 {(00:59} Nxf5 {(00:59} 35.
Qxe5 {(00:35} Qxd5+ {(00:18} 36. Qxd5+ {(00:21} Rxd5 {
(00:04} 37. Rxa4 {(00:38} Rxa4 {(01:06} 38. Nxa4 {
(00:01} Rd7 {(00:33} 39. Nc3 {(00:26} Ne7 {(00:
23} 40. Rc4 {(00:00} Kf7 {(00:00} 41. Kf3 {(04:43} h6
{(05:55} 42. Ke4 {(10:28} Ke6 {(04:12} 43. f4 {(
05:05} gxf4 {(03:12} 44. gxf4 {(00:40} Nf5 {(06:41}
45. Rc6+ {(00:24} Nd6+ {(00:07} 46. Kf3 {(00:44} Kf7 {
(00:10} 47. Kg4 {(05:08} Ke8 {(03:59} 48. a4 {(
01:11} Rg7+ {(00:32} 49. Kf3 {(00:14} Nf5 {(02:27} 50.
Kf2 {(03:31} Rd7 {(01:53} 51. Rf6 {(02:11} Ng7 {
(04:02} 52. Rxh6 {(00:54} Rd4 {(00:31} 53. Ne2 {
(01:06} Rxa4 {(00:18} 54. Rh8+ {(01:12} Kf7 {(
00:31} 55. h6 {(00:20} Nh5 {(00:14} 56. Rc8 {(00:58}
Kg6 {(00:58} 57. Rxc7 {(00:25} Kxh6 {(00:22} 58. Rc6+ {
(00:12} Kg7 {(00:14} 59. Kf3 {(01:04} Nf6 {(01:
42} 60. Rxb6 {(00:36} Ra3+ {(00:13} 61. Kf2 {(00:35}
Ne4+ {(01:09} 62. Kg2 {(00:14} Kf7 {(00:09} 63. Nd4 {
(00:21} Rg3+ {(00:41} 64. Kh2 {(00:20} Rd3 {(00:
46} 65. Ne6 {(00:26} Nd6 {(01:01} 66. Nc5 {(00:46} Rd5
{(00:48} 67. Nb7 {(00:17} Nc4 {(00:57} 68. Rc6 {
(00:50} Rxb5 {(00:28} 69. Nc5 {(00:34} Nd6 {(00:
50} 70. Kh3 {(00:30} Nf5 {(00:27} 71. Ne4 {(00:29} Ra5
{(00:37} 72. Kg4 {(00:33} Ne3+ {(00:13} 73. Kf3 {
(00:16} Nf5 {(00:04} 74. Ng5+ {(00:12} Ke7 {(00:
27} 75. Kg4 {(00:17} Ne3+ {(00:28} 76. Kf3 {(01:12}
Nf5 {(00:07} 77. Rc7+ {(00:16} Kd6 {(00:52} 78. Rb7 {
(00:27} Ra3+ {(00:38} 79. Kg4 {(00:16} Ne3+ {(
00:13} 80. Kh5 {(00:20} Ra4 {(00:32} 81. Rf7 {(00:49}
Ra5 {(00:42} 82. Kg6 {(00:26} Ng2 {(00:48} 83. Ne4+ {
(00:45} Kc6 {(00:21} 84. Rf6+ {(00:28} Kc7 {(00:
26} 85. Ng5 {(00:36} Kd7 {(00:43} 86. Rf7+ {(00:30}
Kc6 {(00:41} 87. Nf3 {(00:14} Kd6 {(00:33} 88. f5 {
(00:36} Ra3 {(00:39} 89. Ng5 {(00:50} Nh4+ {(00:
20} 90. Kh5 {(00:23} Nxf5 {(00:15} 91. Rxf5 {(00:04}
Ra1 {(00:12} 92. Kg6 {(00:15} Rb1 {(00:20} 93. Kf6 {
(00:05} Kc6 {(00:49} 94. Ke7 {(00:23} Rb7+ {(00:
07} 95. Ke6 {(00:10} Rb1 {(00:25} 96. Nf3 {(00:38} Rh1
{(00:26} 97. Nd4+ {(00:15} Kc7 {(00:18} 98. Kd5 {
(00:59} Kb6 {(00:09} 99. Rf6+ {(00:12} Kb7 {(00:
20} 100. Kc5 {(00:35} Rc1+ {(00:06} 101. Kd6 {(00:39}
Rd1 {(00:18} 102. Kd5 {(00:42} Rh1 {(00:21} 103. Rf2 {
(00:19} Kc7 {(00:49} 104. Ne6+ {(00:10} Kd7 {(
00:31} 105. Rf7+ {(00:22} Ke8 {(00:06} 106. Rg7 {(00:
37} Rd1+ {(00:29} 107. Nd4 {(00:25} Ra1 {(00:58} 108.
Kd6 {(00:35} Rd1 {(00:20} 109. Ke5 {(01:08} Re1+ {
(00:13} 110. Kf6 {(00:10} Rf1+ {(00:23} 111. Nf5 {
(00:09} Kd8 {(00:10} 112. Rh7 {(00:27} Kc8 {(00:
29} 113. Ke6 {(00:20} Re1+ {(00:15} 114. Kd5 {(00:08}
Rd1+ {(00:05} 115. Nd4 {(00:03} Kd8 {(00:25} 116. Ke5 {
(00:42} Kc8 {(00:17} 117. Ne6 {(00:04} Re1+ {(
00:27} 118. Kd6 {(00:09} Rd1+ {(00:08} 119. Kc6 {(00:
03} Rc1+ {(00:15} 120. Nc5 {(00:10} Kd8 {(00:17} 121.
Rg7 {(01:19} Ke8 {(00:26} 122. Rb7 {(00:30} Kf8 {
(01:04} 123. Kd6 {(00:53} Rd1+ {(00:32} 124. Ke5 {
(00:10} Re1+ {(00:05} 125. Ne4 {(00:05} Ke8 {(
00:18} 126. Kd5 {(00:31} Kd8 {(01:49} 127. Kd6 {(00:29]
} Rd1+ {(00:15} 128. Kc6 {(00:34} Rc1+ {(00:18} 129.
Kd6 {(00:29} Rd1+ {(00:05} 130. Ke6 {(00:07} Re1 {
(00:30} 131. Rb4 {(00:09} Rd1 {(00:42} 132. Nf6 {
(00:44} Re1+ {(00:25} 133. Kd6 {(00:09} Rd1+ {(
00:20} 134. Nd5 {(00:09} Ke8 {(01:30} 135. Rf4 {(00:06]
} Rd2 {(01:22} 136. Rf1 {(00:08} Rd3 {(02:39} 137. Ke6
{(01:10} Rd2 {(00:34} 138. Re1 {(02:01} Kf8 {(
00:54} 139. Ne7 {(00:29} Ra2 {(00:32} 140. Rf1+ {(00:
17} 1/2-1/2

[Event "42nd Olympiad Baku 2016 Women"]
[Site "Baku"]
[Date "2016.09.08"]
[Round "6.22"]
[White "Saira Rafique"]
[Black "Laubscher, Anzel"]
[Result "0-1"]
[ECO "B70"]
[WhiteElo "1104"]
[BlackElo "1814"]
[Annotator ""]
[PlyCount "54"]
[EventDate "2016.??.??"]
[EventType "team-tourn"]
[EventCountry "AZE"]
[SourceTitle "playchess.com"]
[Source "ChessBase"]
[WhiteTeam "Pakistan"]
[BlackTeam "South Africa"]
[WhiteTeamCountry "PAK"]
[BlackTeamCountry "RSA"]
[TimeControl "40/5400+30:1800+30"]

1. e4 {(07:41} c5 {(00:00} 2. Nf3 {(00:16} d6 {(
00:00} 3. Nc3 {(01:38} Nf6 {(01:28} 4. d4 {(06:37}
cxd4 {(00:14} 5. Nxd4 {(00:11} g6 {(00:12} 6. Bd3 {
(00:55} Bg7 {(00:20} 7. O-O {(00:11} O-O {(00:
25} 8. Nf3 {(00:28} Nc6 {(01:29} 9. Be3 {(02:06} Ng4 {
(01:32} 10. Bd2 {(03:25} Nge5 {(01:59} 11. Nxe5 {
(04:32} Nxe5 {(01:58} 12. Be2 {(01:05} Bd7 {(03:
14} 13. Re1 {(05:36} Rc8 {(02:04} 14. Nb5 {(03:59} a6
{(07:57} 15. Nd4 {(01:28} Ba4 {(06:01} 16. b3 {(
04:42} Bd7 {(05:05} 17. c4 {(10:27} Nxc4 {(04:09} 18.
Bxc4 {(03:58} Bxd4 {(00:30} 19. Rc1 {(00:44} Bc6 {
(03:26} 20. Bf4 {(05:12} Bg7 {(01:39} 21. e5 {(
03:12} dxe5 {(01:10} 22. Bxe5 {(00:47} Qxd1 {(01:43}
23. Rcxd1 {(00:39} Bxe5 {(01:45} 24. Rxe5 {(00:20} Rfd8
{(01:35} 25. Rxd8+ {(02:47} Rxd8 {(00:10} 26. Rxe7 {
(00:51} Rd1+ {(00:23} 27. Bf1 {(00:28} Bb5 {(00:
15} 0-1

[Event "42nd Olympiad Baku 2016 Women"]
[Site "Baku"]
[Date "2016.09.08"]
[Round "6.27"]
[White "Sakai, Azumi"]
[Black "Kaslan, Catherine"]
[Result "0-1"]
[ECO "E10"]
[WhiteElo "1703"]
[BlackElo "1665"]
[Annotator ""]
[PlyCount "110"]
[EventDate "2016.??.??"]
[EventType "team-tourn"]
[EventCountry "AZE"]
[SourceTitle "playchess.com"]
[Source "ChessBase"]
[WhiteTeam "Japan"]
[BlackTeam "Surinam"]
[WhiteTeamCountry "JPN"]
[BlackTeamCountry "SUR"]
[TimeControl "40/5400+30:1800+30"]

1. d4 {(00:00} Nf6 {(00:13} 2. c4 {(00:00} e6 {(
00:56} 3. Nf3 {(01:04} d5 {(02:10} 4. e3 {(01:31} Nbd7
{(01:26} 5. b3 {(04:18} c6 {(03:00} 6. Nbd2 {(
01:44} Bd6 {(03:53} 7. Bb2 {(00:16} Qc7 {(01:53} 8. c5
{(02:34} Be7 {(00:27} 9. Bd3 {(00:12} b6 {(02:
22} 10. cxb6 {(04:00} axb6 {(00:41} 11. O-O {(04:04}
Ba6 {(02:37} 12. Qc2 {(02:49} O-O {(04:12} 13. a3 {
(03:33} Bd6 {(05:19} 14. b4 {(02:41} Bxd3 {(03:
34} 15. Qxd3 {(00:52} Rfe8 {(08:59} 16. Qc2 {(10:46}
e5 {(10:25} 17. dxe5 {(03:39} Nxe5 {(01:11} 18. h3 {
(02:28} Nxf3+ {(08:24} 19. Nxf3 {(00:30} Ne4 {(
03:19} 20. Nd4 {(03:18} Be5 {(04:33} 21. Rac1 {(04:16}
Nd6 {(02:58} 22. Qxc6 {(18:35} Qxc6 {(02:18} 23. Rxc6 {
(00:14} Nc4 {(00:30} 24. Bc1 {(00:29} Bxd4 {(02:
29} 25. exd4 {(00:45} Re7 {(06:35} 26. Rd1 {(04:03}
Kf8 {(02:39} 27. Kf1 {(02:58} Ke8 {(00:54} 28. Rd3 {
(04:23} Kd7 {(01:31} 29. b5 {(01:47} Ra5 {(02:
00} 30. Rb3 {(05:35} Re4 {(05:29} 31. Be3 {(06:12}
Rxb5 {(00:56} 32. Rxb5 {(02:05} Kxc6 {(00:11} 33. Rb3 {
(00:35} Rxe3 {(01:51} 34. Rxe3 {(00:47} Nxe3+ {(
00:09} 35. fxe3 {(00:04} Kb5 {(00:15} 36. Ke2 {(00:28}
f5 {(02:17} 37. g4 {(01:56} g6 {(00:58} 38. gxf5 {
(01:40} gxf5 {(00:20} 39. Kf3 {(00:31} Ka4 {(00:
21} 40. Kf4 {(00:00} Kxa3 {(00:00} 41. Kxf5 {(01:05}
b5 {(02:12} 42. e4 {(04:22} b4 {(00:43} 43. exd5 {
(00:42} b3 {(00:26} 44. d6 {(00:15} b2 {(00:13}
45. d7 {(00:13} b1=Q+ {(00:18} 46. Ke6 {(00:23} Qe4+ {
(11:13} 47. Kd6 {(00:55} Qxd4+ {(00:26} 48. Kc7 {
(04:41} Qc5+ {(00:41} 49. Kd8 {(00:21} Kb4 {(00:
55} 50. h4 {(01:06} Kb5 {(00:37} 51. Ke8 {(00:35} Qe5+
{(01:13} 52. Kf7 {(02:58} Qd6 {(01:23} 53. Ke8 {
(00:25} Qe6+ {(00:11} 54. Kf8 {(02:14} Qxd7 {(
00:21} 55. Kg8 {(01:43} h5 {(00:36} 0-1

[Event "42nd Olympiad Baku 2016 Women"]
[Site "Baku"]
[Date "2016.09.08"]
[Round "6.5"]
[White "Sanchez Castillo, Sarai Carolina"]
[Black "Rodriguez Rueda, Paula Andrea"]
[Result "0-1"]
[ECO "B41"]
[WhiteElo "2182"]
[BlackElo "2326"]
[Annotator ""]
[PlyCount "102"]
[EventDate "2016.??.??"]
[EventType "team-tourn"]
[EventCountry "AZE"]
[SourceTitle "playchess.com"]
[Source "ChessBase"]
[WhiteTeam "Venezuela"]
[BlackTeam "Colombia"]
[WhiteTeamCountry "VEN"]
[BlackTeamCountry "COL"]
[TimeControl "40/5400+30:1800+30"]

1. e4 {(00:00} c5 {(00:00} 2. Nf3 {(00:00} e6 {(
00:00} 3. d4 {(00:07} cxd4 {(00:00} 4. Nxd4 {(00:02}
a6 {(00:07} 5. Bc4 {(15:31} Qc7 {(02:37} 6. Qe2 {
(08:37} Nc6 {(05:49} 7. Nxc6 {(09:33} dxc6 {(00:
23} 8. e5 {(01:25} b5 {(07:14} 9. Bb3 {(03:21} a5 {
(02:53} 10. a4 {(03:31} Ba6 {(06:21} 11. O-O {(
04:33} b4 {(13:42} 12. Bc4 {(01:12} Bxc4 {(00:12} 13.
Qxc4 {(00:02} Ne7 {(00:10} 14. Bf4 {(02:29} Ng6 {
(03:13} 15. Nd2 {(02:41} Be7 {(00:48} 16. Bg3 {(
11:04} O-O {(00:10} 17. f4 {(00:36} h5 {(03:52} 18.
Rae1 {(19:43} h4 {(00:18} 19. f5 {(00:58} exf5 {
(01:15} 20. Bf4 {(10:48} Qa7+ {(04:51} 21. Kh1 {
(00:50} Qc5 {(01:44} 22. e6 {(03:16} Qd5 {(10:
20} 23. b3 {(00:37} Nxf4 {(02:10} 24. exf7+ {(00:27}
Rxf7 {(00:21} 25. Qxf4 {(00:32} g5 {(04:43} 26. Qc4 {
(00:34} h3 {(10:13} 27. Qxd5 {(00:01} cxd5 {(00:
01} 28. gxh3 {(00:03} Bd6 {(00:22} 29. Re6 {(01:14}
Bf4 {(00:13} 30. Nf3 {(00:17} Rc7 {(00:53} 31. h4 {
(00:35} Rxc2 {(07:11} 32. hxg5 {(00:02} Rac8 {(
00:28} 33. h4 {(01:11} d4 {(04:39} 34. h5 {(00:34} Rc1
{(03:30} 35. Kg2 {(00:31} Rxf1 {(00:48} 36. Kxf1 {
(00:02} d3 {(00:22} 37. Re1 {(00:59} Rc3 {(02:
10} 38. g6 {(00:30} d2 {(00:29} 39. Re8+ {(00:20} Kg7
{(00:02} 40. Re7+ {(00:00} Kf6 {(00:00} 41. Rf7+ Ke6
42. Nd4+ {(09:12} Ke5 {(05:19} 43. Rxf5+ {(01:17} Kxd4
{(00:10} 44. Ke2 {(06:45} Bh6 {(00:16} 45. Rf7 {
(09:03} Rg3 {(03:05} 46. Kf2 {(06:50} Rg5 {(01:
17} 47. Rd7+ {(00:58} Rd5 {(00:52} 48. Rxd5+ {(00:34}
Kxd5 {(00:01} 49. Ke2 {(00:18} Kd4 {(00:05} 50. g7 {
(00:06} Bxg7 {(00:04} 51. Kxd2 {(00:04} Bh6+ {(
00:04} 0-1

[Event "42nd Olympiad Baku 2016 Women"]
[Site "Baku"]
[Date "2016.09.08"]
[Round "6.2"]
[White "Sanchez Zambrano, Vanessa"]
[Black "Thorsteinsdottir, Gudlaug"]
[Result "0-1"]
[ECO "D11"]
[WhiteElo "1892"]
[BlackElo "2046"]
[Annotator ""]
[PlyCount "98"]
[EventDate "2016.??.??"]
[EventType "team-tourn"]
[EventCountry "AZE"]
[SourceTitle "playchess.com"]
[Source "ChessBase"]
[WhiteTeam "Peru"]
[BlackTeam "Iceland"]
[WhiteTeamCountry "PER"]
[BlackTeamCountry "ISL"]
[TimeControl "40/5400+30:1800+30"]

1. d4 {(00:00} d5 {(00:00} 2. c4 {(00:00} c6 {(
00:00} 3. Nf3 {(00:00} dxc4 {(00:00} 4. e3 {(01:11}
Be6 {(01:55} 5. Qc2 {(04:05} b5 {(03:02} 6. a4 {
(02:11} Nf6 {(04:05} 7. axb5 {(05:11} cxb5 {(00:
08} 8. Nc3 {(03:11} Qb6 {(03:10} 9. e4 {(09:11} Na6 {
(14:48} 10. Bf4 {(07:59} Nb4 {(03:14} 11. Qd2 {(
03:02} Bd7 {(12:24} 12. Be2 {(05:28} e6 {(00:44} 13.
O-O {(04:50} Be7 {(00:44} 14. Rfb1 {(10:38} Bc6 {
(04:53} 15. e5 {(06:11} Ne4 {(03:24} 16. Nxe4 {(
02:00} Bxe4 {(00:06} 17. Rc1 {(01:15} O-O {(01:26} 18.
Bg5 {(02:43} Nd5 {(04:46} 19. Bxe7 {(02:45} Nxe7 {
(00:08} 20. Qf4 {(04:16} Bg6 {(01:33} 21. Nh4 {(
04:09} Rfd8 {(04:30} 22. Rd1 {(00:39} Nd5 {(05:21} 23.
Qg3 {(00:49} Rac8 {(01:34} 24. Rac1 {(01:35} Rc7 {
(03:41} 25. Nxg6 {(03:08} hxg6 {(00:32} 26. h4 {
(02:40} Ne7 {(03:06} 27. Qg5 {(04:20} Rcd7 {(00:
12} 28. h5 {(01:08} gxh5 {(00:45} 29. Bxh5 {(01:08}
Nf5 {(01:18} 30. Bg4 {(04:21} Nxd4 {(04:10} 31. Re1 {
(01:26} Nb3 {(02:47} 32. Rc3 {(00:59} Rd3 {(00:
51} 33. Rc2 {(01:08} Rd2 {(00:21} 34. Rxd2 Rxd2 {(00:
12} 35. Qf4 {(02:32} Qd4 {(02:01} 36. Qf3 {(00:25} Qd5
{(00:56} 37. Qf4 {(00:35} a5 {(01:44} 38. Bh5 {(
00:30} Qd7 {(00:31} 39. Qf3 {(00:49} Rd5 {(03:52} 40.
Qg3 {(00:00} b4 {(00:00} 41. Bf3 {(10:47} Rd4 {(
11:17} 42. Qh3 {(08:12} a4 {(03:03} 43. Be4 {(01:35}
g6 {(09:30} 44. Qh6 {(02:15} Rd1 {(00:45} 45. Qe3 {
(02:32} Rxe1+ {(00:17} 46. Qxe1 {(00:07} Qd2 {(
00:22} 47. Qb1 {(01:14} Qc1+ {(00:38} 48. Qxc1 {(00:48]
} Nxc1 {(00:07} 49. Kf1 {(02:00} a3 {(00:12} 0-1

[Event "42nd Olympiad Baku 2016 Women"]
[Site "Baku"]
[Date "2016.09.08"]
[Round "6.7"]
[White "Saric, Kristina"]
[Black "Lubbe, Melanie"]
[Result "0-1"]
[ECO "B38"]
[WhiteElo "2201"]
[BlackElo "2324"]
[Annotator ""]
[PlyCount "97"]
[EventDate "2016.??.??"]
[EventType "team-tourn"]
[EventCountry "AZE"]
[SourceTitle "playchess.com"]
[Source "ChessBase"]
[WhiteTeam "Croatia"]
[BlackTeam "Germany"]
[WhiteTeamCountry "CRO"]
[BlackTeamCountry "GER"]
[TimeControl "40/5400+30:1800+30"]

1. e4 {(00:00} c5 {(00:00} 2. Nf3 {(00:00} g6 {(
00:00} 3. c4 {(02:21} Bg7 {(00:49} 4. d4 {(00:29} cxd4
{(00:06} 5. Nxd4 {(00:06} Nc6 {(00:28} 6. Be3 {(
01:10} Nf6 {(00:32} 7. Nc3 {(00:20} d6 {(00:40} 8. Be2
{(01:41} O-O {(00:48} 9. Qd2 {(02:42} Nxd4 {(08:
34} 10. Bxd4 {(00:45} Bd7 {(00:38} 11. O-O {(02:56}
Bc6 {(00:44} 12. f3 {(00:20} a5 {(00:46} 13. Rfd1 {
(09:48} Nd7 {(04:02} 14. Be3 {(01:51} Nc5 {(06:
35} 15. Rac1 {(01:58} a4 {(05:43} 16. Rc2 {(05:19} Qa5
{(14:11} 17. Rb1 {(03:32} Rfc8 {(04:48} 18. b4 {
(12:51} axb3 {(00:10} 19. axb3 {(00:05} Qb4 {(
08:23} 20. Nd1 {(04:01} Qxd2 {(02:26} 21. Rxd2 {(01:44]
} Ra3 {(03:05} 22. b4 {(03:21} Ne6 {(02:45} 23. Bf2 {
(11:19} Rca8 {(03:10} 24. b5 {(01:48} Be8 {(00:
29} 25. Bf1 {(08:50} Nc5 {(07:11} 26. Rd5 {(03:13} b6
{(09:57} 27. Ne3 {(02:06} Bd7 {(02:25} 28. Nc2 {
(01:31} Rc3 {(03:20} 29. Nb4 {(04:51} Be6 {(01:
26} 30. Rdd1 {(01:40} Kf8 {(01:36} 31. Be1 {(03:46}
Rca3 {(00:25} 32. Bh4 {(01:59} h6 {(02:01} 33. Bf2 {
(01:04} R3a4 {(02:23} 34. Rdc1 {(01:21} f5 {(00:
48} 35. Nc6 {(02:46} fxe4 {(02:14} 36. fxe4 {(03:03}
Nxe4 {(02:15} 37. Re1 {(00:30} Nxf2 {(00:52} 38. Rxe6 {
(00:07} Ng4 {(00:21} 39. Rxe7 {(01:10} Bd4+ {(
00:44} 40. Nxd4 {(00:00} Kxe7 {(00:00} 41. Re1+ {(08:
07} Kd7 {(05:26} 42. Nc2 {(01:00} Ne5 {(02:17} 43. Re4
{(02:47} Ra2 {(04:10} 44. Ne3 {(00:28} Rf8 {(03:
45} 45. Rd4 {(01:20} Ra1 {(01:07} 46. Nd1 {(01:13} g5
{(03:08} 47. h3 {(01:42} Rf4 {(01:10} 48. Rxf4 {
(00:42} gxf4 {(00:03} 49. Kf2 {(00:36} 0-1

[Event "42nd Olympiad Baku 2016 Women"]
[Site "Baku"]
[Date "2016.09.08"]
[Round "6.36"]
[White "Saumy, Zainab"]
[Black "Kaydanovich, Marina"]
[Result "0-1"]
[ECO "C87"]
[WhiteElo "1688"]
[BlackElo "1809"]
[Annotator ""]
[PlyCount "62"]
[EventDate "2016.??.??"]
[EventType "team-tourn"]
[EventCountry "AZE"]
[SourceTitle "playchess.com"]
[Source "ChessBase"]
[WhiteTeam "SRI"]
[BlackTeam "IPCA"]
[WhiteTeamCountry "SRI"]
[BlackTeamCountry "RUS"]
[TimeControl "40/5400+30:1800+30"]

1. e4 {(00:00} e5 {(00:00} 2. Nf3 {(00:07} Nc6 {
(00:11} 3. Bb5 {(00:38} Nf6 {(01:08} 4. O-O {(
01:21} d6 {(06:25} 5. Re1 {(03:10} Be7 {(01:40} 6. c3
{(01:13} O-O {(01:54} 7. h3 {(00:17} a6 {(00:18]
} 8. Ba4 {(00:09} b5 {(03:02} 9. Bc2 {(00:19} Bb7 {
(06:45} 10. d4 {(02:49} exd4 {(08:23} 11. cxd4 {
(00:18} Nb4 {(00:33} 12. Nbd2 {(00:52} Nxc2 {(
06:18} 13. Qxc2 {(00:08} d5 {(01:47} 14. e5 {(06:47}
Ne4 {(02:19} 15. Nxe4 {(01:02} dxe4 {(00:03} 16. Nd2 {
(00:27} Qxd4 {(01:54} 17. Nxe4 {(00:59} Qxe5 {(
11:41} 18. Bd2 {(00:55} Bd6 {(07:57} 19. Nxd6 {(06:49}
Qxd6 {(00:10} 20. Be3 {(00:41} Rfe8 {(11:01} 21. Rad1 {
(01:26} Bd5 {(01:13} 22. Qf5 {(04:14} c6 {(00:
57} 23. b3 {(01:57} Qg6 {(00:34} 24. Qxg6 {(00:38}
hxg6 {(00:03} 25. Bc5 {(01:41} f6 {(00:59} 26. Re3 {
(01:00} Rxe3 {(02:18} 27. Bxe3 {(00:06} a5 {(00:
24} 28. Rd2 {(01:12} a4 {(01:25} 29. b4 {(00:13} Re8 {
(00:51} 30. a3 {(00:18} Kf7 {(01:30} 31. f3 {(
00:45} Rxe3 {(00:15} 0-1

[Event "42nd Olympiad Baku 2016 Women"]
[Site "Baku"]
[Date "2016.09.08"]
[Round "6.15"]
[White "Schnegg, Anna-Lena"]
[Black "Kalaiyalahan, Akshaya"]
[Result "1/2-1/2"]
[ECO "B47"]
[WhiteElo "2133"]
[BlackElo "2017"]
[Annotator ""]
[PlyCount "101"]
[EventDate "2016.??.??"]
[EventType "team-tourn"]
[EventCountry "AZE"]
[SourceTitle "playchess.com"]
[Source "ChessBase"]
[WhiteTeam "Austria"]
[BlackTeam "England"]
[WhiteTeamCountry "AUT"]
[BlackTeamCountry "ENG"]
[TimeControl "40/5400+30:1800+30"]

1. e4 {(00:00} c5 {(00:00} 2. Nf3 {(00:00} e6 {(
00:00} 3. d4 {(00:00} cxd4 {(00:00} 4. Nxd4 {(00:00}
Nc6 {(00:00} 5. Nc3 {(00:09} Qc7 {(00:03} 6. f4 {
(00:07} a6 {(00:22} 7. Nxc6 {(00:11} bxc6 {(00:
09} 8. Bd3 {(00:38} d5 {(00:26} 9. O-O {(01:24} Nf6 {
(00:13} 10. Qe2 {(00:18} Be7 {(00:23} 11. Bd2 {(
01:37} O-O {(00:32} 12. Kh1 {(01:13} Re8 {(01:55} 13.
Rae1 {(00:50} Bf8 {(03:15} 14. e5 {(05:33} Nd7 {
(02:44} 15. Na4 {(01:27} Nc5 {(02:50} 16. Nxc5 {
(02:41} Bxc5 {(00:05} 17. Rf3 {(01:59} g6 {(02:
25} 18. h4 {(05:01} Bf8 {(06:15} 19. h5 {(08:32} Bb7 {
(06:14} 20. b3 {(04:10} c5 {(09:58} 21. Rg3 {(
04:36} Bg7 {(03:12} 22. c4 {(03:52} a5 {(07:27} 23.
cxd5 {(03:31} Bxd5 {(04:45} 24. Rc1 {(03:23} Qe7 {
(01:17} 25. Rh3 {(07:59} Rec8 {(06:13} 26. Bb5 {
(06:11} Qb7 {(08:18} 27. Rg3 {(03:33} Bf8 {(11:
04} 28. Kh2 {(00:44} Rcb8 {(07:30} 29. Bd3 {(06:40}
Ra7 {(09:28} 30. f5 {(06:51} exf5 {(00:35} 31. Bxf5 {
(00:37} Qa6 {(03:34} 32. Qg4 {(03:14} Re8 {(02:
34} 33. Bc3 {(07:53} Be6 {(00:26} 34. Rd1 {(04:58}
Bxf5 {(00:43} 35. Qxf5 {(00:18} Qc8 {(01:13} 36. Qd3 {
(05:14} Qe6 {(00:39} 37. Qe4 {(02:26} Bg7 {(00:
32} 38. Re3 {(00:26} Rae7 {(00:37} 39. Rd5 {(00:25}
Qc6 {(00:49} 40. Qc4 {(00:00} Qe6 {(00:00} 41. hxg6 {
(06:44} hxg6 {(02:47} 42. Bxa5 Rc8 {(13:25} 43. Bc3 {
(09:14} Qc6 {(02:29} 44. b4 {(03:32} Qe6 {(06:
09} 45. b5 {(07:01} Ra7 {(03:07} 46. Red3 {(01:19} Bf8
{(02:08} 47. a4 {(00:39} Rd8 {(00:30} 48. b6 {(
04:31} Rad7 {(03:11} 49. b7 {(02:06} Rxb7 {(00:31} 50.
Qe4 {(00:16} Rxd5 {(01:07} 51. Qxd5 {(00:17} 1/2-1/2

[Event "42nd Olympiad Baku 2016 Women"]
[Site "Baku"]
[Date "2016.09.08"]
[Round "6.7"]
[White "Shabanaj, Alda"]
[Black "Martinez, Ayelen"]
[Result "0-1"]
[ECO "E77"]
[WhiteElo "1881"]
[BlackElo "2219"]
[Annotator ""]
[PlyCount "36"]
[EventDate "2016.??.??"]
[EventType "team-tourn"]
[EventCountry "AZE"]
[SourceTitle "playchess.com"]
[Source "ChessBase"]
[WhiteTeam "Albania"]
[BlackTeam "Argentina"]
[WhiteTeamCountry "ALB"]
[BlackTeamCountry "ARG"]
[TimeControl "40/5400+30:1800+30"]

1. d4 {(00:00} Nf6 {(00:00} 2. c4 {(00:00} g6 {(
00:00} 3. Nc3 {(00:00} Bg7 {(00:00} 4. e4 {(00:02} d6
{(00:00} 5. f4 {(00:10} O-O {(00:03} 6. Nf3 {(
00:45} c5 {(00:17} 7. d5 {(00:14} e6 {(00:06} 8. e5 {
(03:17} dxe5 {(02:36} 9. fxe5 {(00:11} Ng4 {(01:
02} 10. Bf4 {(01:38} exd5 {(04:06} 11. Nxd5 {(08:37}
Re8 {(02:51} 12. Qe2 {(02:39} Nc6 {(02:10} 13. O-O-O {
(00:38} Qa5 {(04:13} 14. a3 {(01:19} Ngxe5 {(09:
09} 15. Bd2 {(01:27} Qa4 {(00:05} 16. Qf2 {(03:51} Bf5
{(02:47} 17. Bc3 {(01:03} Bh6+ {(01:30} 18. Rd2 {
(03:10} Qc2# {(00:08} 0-1